 Dungeon Crawl Stone Soup version 0.26-a0-667-g92642533e4 (webtiles) character file.

Game seed: 14249771373323727488

1964 somkeydreadnuts the Protected (level 9, -1/46 HPs)
             Began as a Gargoyle Fire Elementalist on Oct 16, 2020.
             Was a Believer of Vehumet.
             Slain by an orc warrior
             ... wielding a +0 trident
              (3 damage)
             ... on level 7 of the Dungeon on Oct 17, 2020.
             The game lasted 00:46:28 (6789 turns).

somkeydreadnuts the Protected (GrFE)                Turns: 6789, Time: 00:46:29

Health: -1/46      AC: 16    Str: 13    XL:     9   Next: 19%
Magic:  1/15       EV: 12    Int: 18    God:    Vehumet [**....]
Gold:   295        SH:  0    Dex: 10    Spells: 16/17 levels left

rFire    . . .     SeeInvis .   q - +0 war axe
rCold    . . .     Faith    .   (no shield)
rNeg     + . .     Spirit   .   r - +0 robe
rPois    ∞         Reflect  .   (no helmet)
rElec    +         Harm     .   a - +0 cloak
rCorr    +         Rampage  .   f - +1 pair of gloves
MR       .....                  (no boots)
Stlth    ++........             z - amulet of regeneration
HPRegen  0.55/turn              k - +4 ring of protection
MPRegen  0.14/turn              l - ring of resist corrosion

@: no status effects
A: negative energy resistance 1, electricity resistance, unbreathing,
petrification resistance, rot immunity, AC +6
a: Renounce Religion


You were on level 7 of the Dungeon.
You worshipped Vehumet.
Vehumet was pleased with you.
You visited 1 branch of the dungeon, and saw 7 of its levels.

You collected 295 gold pieces.

Inventory:

Hand Weapons
 d - a +0 hand axe
 q - a +0 war axe (weapon)
Armour
 a - a +0 cloak (worn)
 f - a +1 pair of gloves (worn)
 r - a +0 robe (worn)
 A - a +0 ring mail
Jewellery
 i - an uncursed amulet of the acrobat
 k - a +4 ring of protection (left hand)
 l - a ring of resist corrosion (right hand)
 z - an amulet of regeneration (around neck)
Wands
 w - a wand of flame (12)
Scrolls
 c - 2 scrolls of teleportation
 e - 12 scrolls of identify
 g - 2 scrolls of fog
 h - a scroll of enchant weapon {unknown}
 n - a scroll of remove curse
 s - 4 scrolls of amnesia {unknown}
 u - 2 scrolls of enchant armour
 x - a scroll of immolation {unknown}
 y - a scroll of holy word {unknown}
Potions
 b - 3 potions of curing
 j - 2 potions of degeneration {unknown}
 m - 3 potions of stabbing {unknown}
 o - 2 potions of heal wounds {unknown}
 p - 4 potions of lignification {unknown}
 t - a potion of magic {unknown}
 v - a potion of mutation {unknown}
 B - a potion of experience {unknown}


   Skills:
 - Level 0.5 Fighting
 - Level 0.6 Axes
 - Level 8.0 Armour
 - Level 2.6 Dodging
 - Level 2.8 Stealth
 - Level 4.6 Spellcasting
 + Level 4.8 Conjurations
 + Level 6.2 Fire Magic


You had 16 spell levels left.
You knew the following spells:

 Your Spells              Type           Power        Failure   Level
a - Foxfire               Conj/Fire      ###.         1%          1

Your spell library contained the following spells:

 Spells                   Type           Power        Failure   Level
 Ignite Poison            Fire/Tmut/Pois ##......     19%         3
 Conjure Flame            Conj/Fire      ###.....     4%          3
 Inner Flame              Hex/Fire       ###.....     12%         3
 Animate Skeleton         Necr           #.....       14%         1
 Apportation              Tloc           #.....       14%         1
 Pain                     Necr           #...         14%         1
 Sticky Flame             Conj/Fire      ###.....     14%         4
 Fireball                 Conj/Fire      ###.......   36%         5
 Vampiric Draining        Necr           #.........   38%         3
 Animate Dead             Necr           #.........   80%         4
 Agony                    Necr           #.......     98%         5


Dungeon Overview and Level Annotations

Branches:
Dungeon (7/15)             Temple (0/1) D:7

Altars:
Ashenzari
Cheibriados
Dithmenos
Hepliaklqana
Okawaru
Qazlal
Ru
Sif Muna
Uskayaw
Vehumet
Zin

Shops:
D:4 ?!*


Innate Abilities, Weirdness & Mutations

You are resistant to torment.
Your stone body is resilient. (AC +6)
You are immune to poison.
You resist negative energy. (rN+)
You are resistant to electric shocks. (rElec)
You can survive without breathing.
You are immune to petrification.
You are immune to rotting.


Message History

The orc warrior is almost dead.
The foxfire hits the orc warrior.
The orc warrior is almost dead.
The foxfire hits the orc warrior but does no damage.
The orc warrior is almost dead.
The orc warrior hits you but does no damage.
Casting: Foxfire (safe; 1% risk of failure)
Confirm with . or Enter, or press ? or * to list all spells.
You conjure some foxfire!
The orc warrior hits you with a +0 trident.
You barely miss the orc warrior.
The orc warrior is almost dead.
The foxfire hits the orc warrior but does no damage.
The orc warrior is almost dead.
The foxfire hits the orc warrior but does no damage.
The orc warrior is almost dead.
The orc warrior hits you with a +0 trident!
* * * LOW HITPOINT WARNING * * *
The orc warrior hits you with a +0 trident.
You die...

#....#............###
#....############....
#....# #.... #....#
#.... #....# #....
#....############....
#....'...............
#...§############....
#...@# #.... #?.)o#
##### #...)# # #....#
# ###.## # #. # #. ..


You could see an orc warrior.

Vanquished Creatures
  Grinder (D:6)
  3 ice beasts
  An ogre (D:7)
  A centaur (D:4)
  A bullfrog (D:6)
  5 howler monkeys
  3 hounds
  A bullfrog zombie (D:6)
  3 jellies
  3 orc priests
  9 orc wizards
  A bullfrog skeleton (D:5)
  Jessica (D:3)
  An iguana (D:6)
  2 worker ants
  A hound skeleton (D:6)
  A howler monkey zombie (D:5)
  8 adders
  10 river rats (D:6)
  2 shadow imps (D:6)
  2 white imps
  An ufetubus (D:5)
  An ooze (D:1)
  2 adder zombies
  An adder skeleton (D:4)
  A worm (D:3)
  A dart slug (D:4)
  5 leopard geckos
  29 orcs
  7 giant cockroaches
  5 hobgoblins
  8 jackals
  10 quokkas
  A ball python (D:3)
  3 bats
  8 frilled lizards
  9 goblins
  5 kobolds
  A leopard gecko skeleton (D:6)
  22 rats
180 creatures vanquished.

Vanquished Creatures (others)
  An orc wizard (D:6)
  596 foxfires
  A plant (D:5)
598 creatures vanquished.

Grand Total: 778 creatures vanquished

Notes
Turn   | Place    | Note
-------+----------+-------------------------------------------
     0 | D:1      | somkeydreadnuts the Gargoyle Fire Elementalist began the
                  | quest for the Orb.
     0 | D:1      | Reached XP level 1. HP: 10/10 MP: 3/3
   287 | D:1      | Reached XP level 2. HP: 15/15 MP: 3/5
   614 | D:1      | Reached XP level 3. HP: 19/19 MP: 4/6
   702 | D:1      | Found a broken altar of Ashenzari.
   914 | D:1      | You fall into a shaft and drop 1 floor!
  1041 | D:2      | Reached XP level 4. HP: 21/24 MP: 3/7
  1680 | D:3      | Reached XP level 5. HP: 28/28 MP: 5/9
  1866 | D:3      | Found a stormy altar of Qazlal.
  1999 | D:3      | Found a glowing silver altar of Zin.
  2080 | D:3      | Noticed Jessica
  2084 | D:3      | Killed Jessica
  2088 | D:3      | Identified Jessica's Grimoire of the Traveller
  2128 | D:3      | Found an iron altar of Okawaru.
  2344 | D:3      | Found a radiant altar of Vehumet.
  2356 | D:3      | Became a worshipper of Vehumet
  2584 | D:4      | Reached XP level 6. HP: 33/33 MP: 7/10
  2664 | D:4      | Found a snail-covered altar of Cheibriados.
  2693 | D:4      | Found Fifurr's General Store.
  3217 | D:4      | Reached skill level 5 in Fire Magic
  3217 | D:4      | Reached XP level 7. HP: 37/37 MP: 6/12
  3293 | D:4      | Found Piwnen's Distillery.
  3324 | D:4      | Found Wefe's Magic Scroll Shop.
  3756 | D:5      | Entered Level 5 of the Dungeon
  3763 | D:5      | Reached * piety under Vehumet
  3763 | D:5      | Offered knowledge of Freeze by Vehumet.
  3928 | D:5      | Reached skill level 1 in Armour
  4035 | D:5      | Reached skill level 2 in Armour
  4135 | D:5      | HP: 1/37 [ice beast (7)]
  4138 | D:5      | Reached skill level 3 in Armour
  4523 | D:5      | Found a hazy altar of Hepliaklqana.
  4523 | D:5      | Found a sacrificial altar of Ru.
  4524 | D:5      | Found a hide-covered altar of Uskayaw.
  4532 | D:5      | Reached skill level 4 in Armour
  4904 | D:6      | Found a shadowy altar of Dithmenos.
  4933 | D:6      | Reached skill level 5 in Armour
  4933 | D:6      | Reached XP level 8. HP: 40/42 MP: 11/14
  5458 | D:6      | Reached skill level 6 in Armour
  5621 | D:6      | Reached ** piety under Vehumet
  5624 | D:6      | Offered knowledge of Sandblast by Vehumet.
  5658 | D:6      | Noticed Grinder
  5668 | D:6      | Reached skill level 7 in Armour
  5686 | D:6      | Paralysed by Grinder for 3 turns
  5691 | D:6      | Killed Grinder
  5691 | D:6      | Reached skill level 8 in Armour
  6058 | D:6      | Found a shimmering blue altar of Sif Muna.
  6347 | D:7      | Offered knowledge of Ignite Poison by Vehumet.
  6351 | D:7      | Reached XP level 9. HP: 46/46 MP: 8/15
  6412 | D:7      | Found a staircase to the Ecumenical Temple.
  6789 | D:7      | HP: 2/46 [orc warrior/+0 trident (15)]
  6789 | D:7      | Slain by an orc warrior

Illustrated notes

Levels and vault maps discovered:
D:1:      minmay_arrival_nine_rooms, layout_basic, nicolae_ashenzari_panopticon
D:2:      layout_basic
D:3:      layout_rooms, grunt_qazlal_clouds, okawaru_ov_weapons_minmay,
          zin_scriptorium, vehumet_crystals, kennysheep_jessica_study,
          uniq_jessica
D:4:      minmay_octagon_keep, layout_basic, cheibriados_altar_1, serial_shops,
          nicolae_shop_trees, shop, shop
D:5:      layout_gridville, gammafunk_temple_overflow_forgotten
D:6:      lemuel_ratsnest, layout_cave_pools, lemuel_coloured_pillars_altar,
          led_sif_book, uniq_grinder
D:7:      layout_basic, minmay_temple_entry_grid, minmay_starry_boxes

Skill      XL: |  1  2  3  4  5  6  7  8  9 |
---------------+----------------------------+-----
Dodging        | 2 |  2.6
Fire Magic     | 4 5 6 |  6.2
Conjurations   | 2 3 4 |  4.8
Spellcasting   | 3 4 |  4.6
Armour         | 5 8 |  8.0
Fighting       | |  0.5
Axes           | |  0.6
Stealth        | |  2.8

Action                   |  1- 3 |  4- 6 |  7- 9 || total
-------------------------+-------+-------+-------++-------
Melee: Unarmed           |     4 |       |       ||     4
       Hand axe          |     4 |    38 |       ||    42
       War axe           |       |    43 |   134 ||   177
 Cast: Foxfire           |    35 |    98 |   234 ||   367
  Use: Scroll            |       |     7 |       ||     7
       Potion            |       |       |     1 ||     1
Armor: Robe              |     4 |    65 |   125 ||   194
Dodge: Dodged            |    11 |   109 |   159 ||   279

Table legend: (Time is in decaauts)
 A = Elapsed time spent in this place.
 B = Non-inter-level travel time spent in this place.
 C = Inter-level travel time spent in this place.
 D = Time resting spent in this place.
 E = Time spent auto-exploring this place.
 F = Levels seen in this place.
 G = Mean time per level.
                   A        B        C        D        E       F      G
               +--------+--------+--------+--------+--------+-----+--------+
         Total |   6882 |   6807 |     75 |      0 |   4712 |   7 |  983.1 |
       Dungeon |   6882 |   6807 |     75 |      0 |   4712 |   7 |  983.1 |
               +--------+--------+--------+--------+--------+-----+--------+

Top non-repeatable levels by time:
     D:6: 1430 daAuts
     D:4: 1202 daAuts
     D:5: 1021 daAuts
     D:1: 913 daAuts
     D:3: 901 daAuts
     D:2: 770 daAuts
     D:7: 642 daAuts
